Map: Abyssal Reef LE

Players

TLO

  • Race: Zerg Zerg
  • Spawn Location: 11:00

SortOf - Winner!

  • Race: Zerg Zerg
  • Spawn Location: 5:00

Event: WCS Valencia 2017

VOD

Have the link to the VOD?

Description

Time

  • Played on: July 13, 2017, 12:35 p.m.
  • Length: 9:30

All games in this series

Show
View Real Time Build Order
Export as new Build Order

TLO Zerg 

Build Orders: Hatch First 

Get SALT Encoding   

  12  0:00  Drone  
  13  0:12  Overlord  
  13  0:17  Drone  
  14  0:31  Drone x2  
  16  0:36  Drone  
  17  0:52  Hatchery  
  17  0:55  Drone  
  17  0:59  Drone  
  18  1:07  Extractor  
  17  1:14  Spawning Pool  
  17  1:17  Drone  
  17  1:21  Drone  
  18  1:28  Drone  
  19  1:39  Overlord  
  19  2:01  Queen  
  19  2:02  Zergling x4  
  19  2:04  Queen  
  19  2:06  Metabolic Boost  
  25  2:09  Zergling x2  
  25  2:13  Drone  
  27  2:17  Drone  
  28  2:23  Drone  
  28  2:26  Drone  
  30  2:35  Drone  
  31  2:42  Hatchery  
  30  2:48  Queen  
  32  2:54  Overlord  
  32  2:58  Zergling x2  
  33  3:03  Zergling x2  
  33  3:05  Zergling x2  
  33  3:06  Zergling x2  
  33  3:08  Drone  
  33  3:10  Overlord  
  35  3:14  Zergling x2  
  35  3:15  Drone  
  35  3:18  Drone  
  37  3:20  Drone  
  37  3:22  Drone  
  37  3:27  Zergling x4  
  40  3:30  Zergling x2  
  40  3:31  Zergling x2  
  43  3:42  Roach Warren  
  43  3:45  Zergling x4  
  44  3:53  Roach Warren  
  44  3:55  Drone x3  
  45  3:57  Extractor  
  45  4:05  Zergling x6  
  45  4:06  Zergling x2  
  45  4:07  Zergling x2  
  45  4:08  Zergling x2  
  46  4:13  Zergling x2  
  46  4:16  Zergling x4  
  46  4:19  Zergling x4  
  46  4:20  Zergling x2  
  48  4:25  Zergling x2  
  49  4:32  Roach x2  
  49  4:35  Roach  
  49  4:37  Roach  
  57  4:54  Roach  
  57  5:00  Drone  
  57  5:01  Overlord  
  57  5:04  Drone  
  58  5:11  Drone x4  
  58  5:14  Drone x3  
  55  5:15  Drone  
  55  5:19  Drone  
  56  5:26  Lair  
  57  5:28  Drone  
  57  5:35  Drone  
  58  5:36  Drone  
  58  5:37  Evolution Chamber  
  58  5:39  Drone  
  58  5:40  Drone  
  58  5:41  Drone  
  60  5:44  Drone x2  
  60  5:46  Drone  
  60  5:48  Drone  
  60  5:49  Drone  
  65  5:52  Drone  
  65  5:55  Overlord  
  66  6:01  Overlord  
  66  6:03  Overlord, Zerg Missile Weapons Level 1  
  66  6:06  Extractor  
  64  6:13  Overlord  
  64  6:14  Queen  
  64  6:15  Drone x3  
  64  6:17  Drone  
  70  6:19  Roach  
  70  6:21  Roach  
  70  6:22  Roach  
  70  6:25  Glial Reconstitution  
  76  6:27  Roach  
  76  6:30  Roach  
  76  6:31  Roach  
  82  6:34  Roach  
  82  6:37  Roach, Overlord  
  85  6:41  Roach  
  85  6:42  Roach  
  85  6:44  Roach  
  85  6:46  Roach  
  92  6:49  Roach  
  92  6:50  Roach  
  92  6:52  Roach  
  97  6:56  Overlord  
  97  6:57  Roach  
  97  6:58  Roach  
  97  7:00  Roach  
  103  7:02  Roach  
  103  7:04  Drone  
  103  7:06  Overlord  
  103  7:08  Overlord  
  106  7:12  Overlord  
  106  7:14  Drone  
  106  7:15  Extractor, Drone x2  
  109  7:17  Drone  
  109  7:18  Drone  
  109  7:22  Drone  
  111  7:23  Drone  
  111  7:24  Overlord  
  111  7:25  Extractor  
  111  7:28  Infestation Pit, Drone x2  
  112  7:30  Drone  
  112  7:31  Drone  
  112  7:34  Extractor, Drone  
  112  7:35  Drone  
  115  7:39  Unknown  
  115  7:42  Drone x4  
  115  7:43  Roach  
  121  7:46  Roach  
  121  7:49  Roach  
  121  7:50  Roach  
  127  7:57  Overlord  
  127  7:58  Overlord  
  127  8:04  Infestor x2  
  131  8:07  Overlord  
  131  8:08  Roach  
  131  8:09  Roach  
  131  8:10  Roach  
  137  8:16  Overlord x2  
  137  8:18  Roach  
  137  8:19  Ravager  
  143  8:20  Ravager x3  
  143  8:26  Roach  
  145  8:27  Evolution Chamber  
  145  8:28  Roach  
  145  8:29  Evolution Chamber  
  145  8:30  Roach  
  145  8:32  Roach  
  149  8:35  Roach  
  149  8:36  Roach  
  149  8:38  Roach  
  149  8:40  Roach  
  157  8:43  Roach  
  157  8:44  Roach  
  161  8:52  Roach  
  161  8:54  Roach x2  
  161  8:55  Roach  
  161  8:58  Roach x2  
  161  9:00  Roach  
  161  9:01  Roach  
  161  9:02  Roach x2  
  149  9:03  Roach  
  149  9:06  Roach  
  149  9:07  Roach  
  149  9:09  Roach  
  133  9:10  Roach  
Show
View Real Time Build Order
Export as new Build Order

SortOf Zerg - Winner!

Build Orders: Hatch First 

Get SALT Encoding   

  12  0:00  Drone  
  13  0:12  Overlord  
  13  0:17  Drone  
  14  0:31  Drone x2  
  16  0:35  Drone  
  17  0:55  Hatchery, Drone  
  17  1:00  Drone  
  18  1:09  Extractor  
  17  1:14  Spawning Pool  
  17  1:17  Drone  
  17  1:20  Drone  
  18  1:29  Drone  
  19  1:40  Evolution Chamber  
  19  1:41  Drone  
  19  1:59  Overlord  
  19  2:01  Queen  
  19  2:03  Zergling x2  
  19  2:06  Queen  
  19  2:07  Drone  
  25  2:13  Zerg Missile Weapons Level 1  
  25  2:16  Drone  
  25  2:20  Drone  
  27  2:23  Drone  
  28  2:32  Roach Warren  
  28  2:35  Zergling x2  
  28  2:40  Drone  
  28  2:41  Drone  
  30  2:46  Overlord  
  30  2:52  Overlord  
  29  3:15  Roach x5  
  39  3:21  Roach x2  
  39  3:25  Overlord  
  43  3:31  Overlord  
  43  3:44  Overlord  
  43  3:50  Roach x3  
  43  3:53  Roach  
  51  3:56  Drone  
  52  4:06  Roach  
  54  4:12  Drone  
  54  4:14  Drone  
  54  4:15  Drone x2, Overlord  
  58  4:20  Drone x2  
  60  4:28  Ravager  
  59  4:31  Drone  
  59  4:32  Overlord  
  59  4:35  Extractor x2, Drone x2  
  60  4:41  Drone x2  
  60  4:43  Drone x2  
  64  4:52  Drone  
  65  4:55  Drone x2  
  65  4:56  Drone  
  65  4:59  Roach  
  68  5:02  Drone  
  68  5:04  Drone x2  
  68  5:07  Drone x2  
  68  5:11  Ravager  
  63  5:19  Lair  
  63  5:21  Roach  
  52  5:25  Roach  
  52  5:26  Hatchery  
  52  5:27  Roach  
  55  5:29  Extractor  
  55  5:32  Roach  
  55  5:35  Roach  
  58  5:37  Roach  
  60  5:44  Roach  
  60  5:45  Roach x2  
  60  5:47  Roach  
  60  5:49  Roach  
  70  5:53  Overlord  
  70  5:59  Roach x2  
  74  6:09  Roach  
  74  6:10  Overlord  
  76  6:13  Queen  
  76  6:15  Drone  
  76  6:16  Zerg Missile Weapons Level 2, Drone  
  80  6:19  Drone x3  
  83  6:27  Glial Reconstitution  
  83  6:28  Drone  
  83  6:30  Drone x2  
  86  6:42  Drone x2  
  86  6:44  Drone  
  89  6:49  Overlord  
  89  6:53  Overlord  
  89  6:55  Roach x4  
  89  6:57  Ravager  
  89  6:59  Overlord  
  89  7:00  Overlord x2  
  98  7:03  Overseer  
  98  7:09  Roach x3  
  98  7:14  Roach x2  
  98  7:15  Extractor, Roach x2  
  111  7:16  Ravager  
  111  7:18  Ravager  
  113  7:26  Ravager, Drone, Overlord x2  
  113  7:29  Roach  
  117  7:32  Roach x2  
  121  7:38  Roach x2  
  121  7:43  Roach x2  
  129  7:48  Roach x2  
  129  7:49  Roach  
  129  7:51  Overlord  
  135  7:57  Roach x3  
  141  8:01  Roach x2  
  141  8:02  Overlord x2  
  145  8:12  Roach x5  
  155  8:22  Roach x4  
  163  8:29  Roach x2  
  163  8:31  Roach x2  
  171  8:35  Overlord  
  171  8:37  Roach  
  171  8:38  Roach x2  
  177  8:42  Overlord  
  177  8:44  Overlord  
  164  8:58  Roach x4  
  164  8:59  Roach x5  
  163  9:04  Roach x2  
  150  9:11  Roach  
Tags
 
Add a new tag
Caveats
  • Supply blocks, unpowered buildings, or Contaminate may cause inaccurate times.
  • Supply counts are checked every 10 seconds.